 Dungeon Sprint DCSS version 0.27.1 (webtiles) character file.

Game seed: 3233696705465577832

9647 styxcanada the Imperceptible (level 11, -10/60 HPs)
             Began as a Spriggan Brigand on Aug 30, 2021.
             Was an Initiate of Gozag.
             Mangled by a ghost moth (16 damage)
             ... in the Dungeon (Sprint IV: "Fedhas' Mad Dash").
             The game lasted 00:12:03 (1529 turns).

styxcanada the Imperceptible (Spriggan Brigand)     Turns: 1529, Time: 00:12:04

Health: -10/60     AC:  4    Str: 11    XL:     11   Next: 25%
Magic:  8/19       EV: 34    Int: 12    God:    Gozag
Gold:   1436       SH:  8    Dex: 27    Spells: 17/20 levels left

rFire    . . .     SeeInvis +   a - +2 dagger
rCold    . . .     Faith    .   p - +0 buckler
rNeg     . . .     Spirit   .   r - +1 robe of Ydghalyu {Will+ Str+4}
rPois    .         Reflect  .   (helmet restricted)
rElec    .         Harm     .   c - +0 cloak
rCorr    .         Rampage  .   (gloves unavailable)
Will     ++...     NoTele   +   (boots unavailable)
Stlth    ++++++++++             m - amulet of invisibility {+Inv}
HPRegen  0.20/turn              q - +4 ring of evasion
MPRegen  0.16/turn              t - +6 ring of dexterity

@: very slightly contaminated, very quick
A: very small, no large weapons, unfitting armour, see invisible, speed 3
a: Renounce Religion, Evoke Invisibility, Potion Petition, Call Merchant, Bribe
Branch


You were in the Dungeon.
You worshipped Gozag.
Gozag was most pleased with you.
You visited 1 branch You collected 2744 gold pieces.
You spent 1308 gold pieces at shops.

Inventory:

Hand Weapons
 a - a +2 dagger (weapon)
 j - a +0 hunting sling
 l - a +0 hunting sling
 s - a +2 rapier of protection
Missiles
 d - 8 poisoned darts (quivered)
 e - 2 curare-tipped darts
 n - 14 sling bullets
 o - 33 stones
Armour
 c - a +0 cloak (worn)
 p - a +0 buckler (worn)
 r - the +1 robe of Ydghalyu (worn) {Will+ Str+4}
   (You bought it in a shop in the Dungeon)

   Str:       It affects your strength (+4).
   Will:      It increases your willpower.
Jewellery
 m - the amulet of invisibility (around neck) {+Inv}
   (You found it in the Dungeon)

   [amulet of nothing]

   +Inv:      It lets you turn invisible.
 q - a +4 ring of evasion (left hand)
 t - a +6 ring of dexterity (right hand)
Scrolls
 k - a scroll of blinking
Potions
 f - a potion of curing
 g - a potion of heal wounds
 h - a potion of haste
 i - a potion of magic
Miscellaneous
 b - a tin of tremorstones (1/2)


   Skills:
 * Level 8.0 Fighting
 + Level 7.3 Short Blades
 + Level 6.1 Throwing
 * Level 11.7 Dodging
 * Level 25.7 Stealth
 * Level 3.4 Shields
 * Level 5.1 Spellcasting
 * Level 5.5 Transmutations
 * Level 3.7 Air Magic
 * Level 4.0 Poison Magic
 * Level 12.2 Evocations


You had 17 spell levels left.
You knew the following spells:

 Your Spells              Type           Power      Damage    Failure   Level
a - Sting                 Tmut/Pois      56%        1d5       3%          1
b - Poisonous Vapours     Pois/Air       24%        N/A       9%          2

Your spell library contained the following spells:

 Spells                   Type           Power      Damage    Failure   Level
 Corona                   Hex            3%         N/A       26%         1
 Summon Small Mammal      Summ           12%        N/A       26%         1
 Ensorcelled Hibernation  Hex/Ice        6%         N/A       36%         2
 Olgreb's Toxic Radiance  Pois           12%        N/A       45%         4
 Call Canine Familiar     Summ           3%         N/A       61%         3
 Summon Guardian Golem    Hex/Summ       3%         N/A       61%         3
 Tukima's Dance           Hex            3%         N/A       61%         3


Dungeon Overview and Level Annotations

Branches:
Dungeon (1/1)

Altars:
Cheibriados
Dithmenos
Elyvilon
Gozag
Hepliaklqana
Kikubaaqudgha
Makhleb
Nemelex Xobeh
Okawaru
Qazlal
Ru
Sif Muna
Trog
Uskayaw
Vehumet
Wu Jian
Xom
Yredelemnul
Zin
The Shining One
Beogh
Jiyva
Lugonu

Shops:
D *[(:[[[:[=*


Innate Abilities, Weirdness & Mutations

You are very small and have problems with some larger weapons.
You are too small for most types of armour.
You have supernaturally acute eyesight. (SInv)
You cover ground extremely quickly. (Speed+++)


Message History

The ghost moth stares at you.
You feel your power leaking away. You block the demonic crawler's attack.
The demonic crawler completely misses you.
You block the demonic crawler's attack.
Okay, then.
You hit the demonic crawler.
The demonic crawler is heavily wounded.
You block the demonic crawler's attack. x2
The demonic crawler completely misses you.
You hit the demonic crawler but do no damage.
The demonic crawler is heavily wounded.
The demonic crawler closely misses you.
The demonic crawler completely misses you.
The demonic crawler closely misses you. The ghost moth stares at you.
You don't have enough magic at the moment.
You don't have enough magic at the moment.
You don't have enough magic at the moment.
You don't have enough magic at the moment.
You don't have enough magic at the moment.
You don't have enough magic at the moment.
You don't have enough magic at the moment.
You don't have enough magic at the moment.
You don't have enough magic at the moment.
You don't have enough magic at the moment.
You don't have enough magic at the moment.
You don't have enough magic at the moment.
You don't have enough magic at the moment.
You don't have enough magic at the moment.
Magic courses through your body. The demonic crawler hits you.
The demonic crawler barely misses you. The demonic crawler hits you.
* * * LOW HITPOINT WARNING * * *
The ghost moth stares at you.
You feel your power leaking away. The ghost moth hits you!
* * * LOW HITPOINT WARNING * * *
The ghost moth hits you!
You die...
Your body crumbles into a pile of gold.

###############'##.._._._._._..
#...♣........'...#._._._._._.⌠.
#......♣.....#...##############
#.....♣..♣..######♣♣♣♣♣.§♣.###.
##'####'######..'......♣§§♣##..
#..#....'.......#♣..♣♣♣.♣).###.
#.[#.[###.......#.♣♣..♣.§§♣'...
###############################
#............s@........# ###.
#∩..$........y.......P.#####.).
#∩...........)......$P.........
#∩...................P...######
###########+##############


$$$$ You could see a ghost moth (invisible) and a demonic crawler.

Vanquished Creatures
  Agnes (D)
  A spriggan defender (D)
  A spriggan berserker (D)
  A spriggan druid (D)
  6 oklob plants (D)
  A demonic crawler (D)
  3 wandering mushrooms (D)
  A queen bee (D)
  3 burning bushes (D)
  3 hornets (D)
  3 scorpions (D)
  4 killer bees (D)
  5 oklob saplings (D)
  7 spriggans (D)
  A river rat (D)
  A rat (D)
  2 ballistomycete spores (D)
44 creatures vanquished.

Vanquished Creatures (others)
  2 fungi (D)
2 creatures vanquished.

Grand Total: 46 creatures vanquished

Notes
Turn   | Place    | Note
-------+----------+-------------------------------------------
     0 | D        | styxcanada the Spriggan Brigand began the quest for the
                  | Orb.
     0 | D        | Reached XP level 1. HP: 10/10 MP: 2/2
    25 | D        | Reached skill level 6 in Stealth
    26 | D        | Reached skill level 8 in Stealth
    26 | D        | Reached XP level 2. HP: 14/15 MP: 3/3
    43 | D        | Noticed an oklob sapling
    45 | D        | Killed an oklob sapling
    46 | D        | Reached skill level 9 in Stealth
    46 | D        | Reached XP level 3. HP: 19/19 MP: 4/4
    47 | D        | Noticed a scorpion
    47 | D        | Found the amulet of invisibility {+Inv}
    77 | D        | Killed a scorpion
    78 | D        | Reached skill level 12 in Stealth
    78 | D        | Reached XP level 4. HP: 16/23 MP: 5/5
   196 | D        | Found an opulent altar of Gozag.
   196 | D        | Found a hazy altar of Hepliaklqana.
   196 | D        | Found a burning altar of Makhleb.
   196 | D        | Found a sparkling altar of Nemelex Xobeh.
   196 | D        | Found a snail-covered altar of Cheibriados.
   196 | D        | Found a sacrificial altar of Ru.
   196 | D        | Found a shimmering blue altar of Sif Muna.
   196 | D        | Found a shimmering altar of Xom.
   196 | D        | Found a basalt altar of Yredelemnul.
   197 | D        | Found a viscous altar of Jiyva.
   197 | D        | Found a bloodstained altar of Trog.
   197 | D        | Found an ornate altar of the Wu Jian Council.
   198 | D        | Found an iron altar of Okawaru.
   198 | D        | Found a shadowy altar of Dithmenos.
   198 | D        | Found a glowing silver altar of Zin.
   199 | D        | Found an ancient bone altar of Kikubaaqudgha.
   199 | D        | Found a hide-covered altar of Uskayaw.
   200 | D        | Found a stormy altar of Qazlal.
   200 | D        | Found a white marble altar of Elyvilon.
   200 | D        | Found a glowing golden altar of the Shining One.
   201 | D        | Became a worshipper of Gozag Ym Sagoz the Greedy
   202 | D        | Found a corrupted altar of Lugonu.
   202 | D        | Found a radiant altar of Vehumet.
   206 | D        | Reached skill level 13 in Stealth
   206 | D        | Reached XP level 5. HP: 28/28 MP: 3/6
   218 | D        | Reached skill level 5 in Dodging
   262 | D        | Reached skill level 14 in Stealth
   262 | D        | Reached skill level 1 in Evocations
   263 | D        | Reached skill level 15 in Stealth
   265 | D        | Reached XP level 6. HP: 33/33 MP: 4/7
   280 | D        | Found Noblivaj's Armour Shop.
   280 | D        | Found Biang's Book Emporium.
   286 | D        | Bought a Young Poisoner's Handbook for 240 gold pieces
   288 | D        | Learned a level 1 spell: Sting
   291 | D        | Learned a level 2 spell: Poisonous Vapours
   309 | D        | Noticed a burning bush
   309 | D        | Noticed a wandering mushroom
   310 | D        | Noticed a wandering mushroom
   315 | D        | Killed a wandering mushroom
   316 | D        | Reached skill level 17 in Stealth
   319 | D        | Killed a wandering mushroom
   320 | D        | Reached skill level 5 in Throwing
   320 | D        | Reached skill level 18 in Stealth
   320 | D        | Reached XP level 7. HP: 18/38 MP: 6/8
   360 | D        | Reached skill level 5 in Fighting
   618 | D        | Killed a burning bush
   619 | D        | Reached skill level 19 in Stealth
   640 | D        | Found Vecaluh's Antique Armour Emporium.
   640 | D        | Found Vigoz Voyha's Book Shoppe.
   645 | D        | Bought a book of Maledictions for 252 gold pieces
   647 | D        | Bought a creamy pearl robe for 114 gold pieces
   647 | D        | Identified the +1 robe of Ydghalyu {Will+ Str+4} (You
                  | bought it in a shop in the Dungeon)
   740 | D        | Reached XP level 8. HP: 43/43 MP: 6/9
   746 | D        | Noticed a queen bee
   753 | D        | Killed a queen bee
   754 | D        | Reached skill level 5 in Short Blades
   754 | D        | Reached skill level 5 in Evocations
   755 | D        | Reached skill level 20 in Stealth
   832 | D        | Noticed an oklob plant
   835 | D        | Killed an oklob plant
   836 | D        | Reached skill level 21 in Stealth
   847 | D        | Noticed a burning bush
   850 | D        | Killed a burning bush
   851 | D        | Reached XP level 9. HP: 48/48 MP: 8/10
   914 | D        | Noticed a burning bush
   914 | D        | Noticed an oklob plant
   915 | D        | Noticed a wandering mushroom
   916 | D        | Killed a burning bush
   921 | D        | Killed an oklob plant
   922 | D        | Reached skill level 22 in Stealth
   925 | D        | Killed a wandering mushroom
   926 | D        | Reached skill level 10 in Dodging
   976 | D        | Noticed a spriggan druid
   978 | D        | Killed a spriggan druid
   979 | D        | Reached skill level 23 in Stealth
  1063 | D        | Noticed an oklob plant conjurer
  1064 | D        | Killed an oklob plant conjurer
  1065 | D        | Reached skill level 1 in Spellcasting
  1065 | D        | Reached skill level 1 in Transmutations
  1156 | D        | Noticed an oklob plant
  1156 | D        | Noticed an oklob plant summoner
  1157 | D        | Noticed an oklob plant shifter
  1161 | D        | Killed an oklob plant
  1162 | D        | Reached skill level 1 in Shields
  1162 | D        | Reached skill level 1 in Air Magic
  1162 | D        | Reached skill level 1 in Poison Magic
  1162 | D        | Reached XP level 10. HP: 55/55 MP: 9/13
  1165 | D        | Killed an oklob plant shifter
  1168 | D        | Killed an oklob plant summoner
  1169 | D        | Reached skill level 24 in Stealth
  1241 | D        | Noticed a spriggan rider
  1242 | D        | Found Soicima's Jewellery Emporium.
  1246 | D        | Found Qacalil's General Store.
  1256 | D        | Reached skill level 10 in Evocations
  1288 | D        | Bought a +6 ring of dexterity for 702 gold pieces
  1397 | D        | Noticed Agnes
  1399 | D        | Found Jeiha's Armour Emporium.
  1399 | D        | Noticed a spriggan berserker
  1401 | D        | Found Fonun's Armour Shoppe.
  1403 | D        | Killed Agnes
  1407 | D        | Killed a spriggan berserker
  1408 | D        | Reached skill level 25 in Stealth
  1414 | D        | Noticed a spriggan defender
  1421 | D        | Killed a spriggan defender
  1422 | D        | Reached skill level 5 in Transmutations
  1422 | D        | Reached XP level 11. HP: 60/60 MP: 15/19
  1482 | D        | Noticed a spriggan rider
  1490 | D        | Killed a spriggan rider
  1498 | D        | Reached skill level 5 in Spellcasting
  1503 | D        | Noticed a ghost moth
  1504 | D        | Found Qauddo's Antique Armour Boutique.
  1504 | D        | Found Jaicvape's Antique Weapon Emporium.
  1504 | D        | Found Dyiwkedo's General Store.
  1529 | D        | Mangled by a ghost moth

Illustrated notes

Levels and vault maps discovered:
D:        dungeon_sprint_fedhas [sprint_temple]

Skill      XL: |  1  2  3  4  5  6  7  8  9 10 11 |
---------------+----------------------------------+-----
Stealth        | 8 9 12 13 15 18 19 21 23 25 | 25.7
Fighting       | 2 3 4 5 6 7 8 |  8.0
Dodging        | 2 3 4 5 7 8 9 10 11 | 11.7
Short Blades   | 3 4 5 6 7 |  7.3
Throwing       | 3 4 5 6 |  6.1
Evocations     | 1 4 6 9 11 12 | 12.2
Spellcasting   | 1 4 5 |  5.1
Transmutations | 1 5 |  5.5
Shields        | 1 3 |  3.4
Air Magic      | 1 3 |  3.7
Poison Magic   | 1 3 4 |  4.0

Action                   |  1- 3 |  4- 6 |  7- 9 | 10-12 || total
-------------------------+-------+-------+-------+-------++-------
Melee: Dagger            |     6 |    12 |    35 |    19 ||    72
Throw: Dart              |    12 |       |     2 |     1 ||    15
 Abil: Evoke Invisibilit |       |     3 |     7 |     3 ||    13
Evoke: Tin of tremorston |       |       |       |     2 ||     2
  Use: Potion            |       |       |     1 |     1 ||     2
       Scroll            |       |       |     1 |       ||     1
 Stab: Sleeping          |     1 |     5 |    16 |     9 ||    31
       Invisible         |       |     4 |       |     1 ||     5
Armor: Robe              |     1 |     2 |       |     4 ||     7
Dodge: Dodged            |     7 |     7 |     5 |    28 ||    47
Block: Buckler           |       |       |       |     7 ||     7
